 Dungeon Crawl Stone Soup version 0.31.0-9-g3a7656b989 (webtiles) character file.

Game seed: 13419677692299053731

387 qw the Skirmisher (level 6, -3/36 HPs)
             Began as a Deep Elf Hunter on Feb 2, 2024.
             Slain by a lemure (4 damage)
             ... led by Pikel
             ... on level 4 of the Dungeon.
             The game lasted 00:00:17 (3190 turns).

qw the Skirmisher (Deep Elf Hunter)                 Turns: 3190, Time: 00:00:17

Health: -3/36      AC: 10    Str: 10    XL:     6   Next: 49%
Magic:  8/8        EV: 11    Int: 14    God:
Gold:   154        SH:  0    Dex: 18    Spells: 5/5 levels left

rFire   . . .        a - +1 shortbow (heavy)
rCold   . . .        (shield currently unavailable)
rNeg    . . .        e - +0 ring mail
rPois   .            (no helmet)
rElec   .            (no cloak)
rCorr   .            m - +0 pair of gloves
SInv    +            (no boots)
Will    .....        (no amulet)
Stlth   +            b - ring of see invisible
HPRegen 0.26/turn    i - +4 ring of protection
MPRegen 0.11/turn

%: no passive effects
@: no status effects
A: no striking features
a: no special abilities


You were on level 4 of the Dungeon.
You visited 1 branch of the dungeon, and saw 5 of its levels.

You collected 154 gold pieces.


   Skills:
 - Level 2.3 Fighting
 + Level 9.6 Ranged Weapons
 - Level 3.3 Dodging
 - Level 1.2 Stealth


You had 5 spell levels left.
You didn't know any spells.
Your spell library was empty.

Inventory:

Hand Weapons
 a - a +1 heavy shortbow (weapon)
Armour
 e - a +0 ring mail (worn)
 m - a +0 pair of gloves (worn)
Jewellery
 b - a ring of see invisible (left hand)
 i - a +4 ring of protection (right hand)
 k - a ring of protection from cold
Wands
 n - a wand of paralysis (4)
Scrolls
 f - a scroll of identify
Potions
 d - 2 potions of curing
 h - a potion of enlightenment
 j - a potion of heal wounds

Dungeon Overview and Level Annotations

Branches:
Dungeon (5/15)
 Temple: D:4-7

Altars:
Makhleb
Ru

Annotations:
D:3 2 transporters, qw's ghost, amateur DEHu
D:4 exclusions: 2 orc priests and orc wizard
D:5 Pikel


Message History

The lemure is moderately wounded.
A lemure comes into view.
An adder comes into view.
3179 ||| RETREEEEATING.
A lemure comes into view.
The lemure shouts! x2
A phantom comes into view.
The lemure hits you but does no damage.
3180 ||| RETREEEEATING.
Found a hand axe.
Found a stone staircase leading down.
The lemure barely misses you.
3181 ||| RETREEEEATING.
The lemure attacks as it pursues you! The lemure misses you.
The lemure hits you.
3182 ||| RETREEEEATING.
The lemure attacks as it pursues you! The lemure hits you!
There is a stone staircase leading up, spattered with blood here.
3183 ||| STAIRDANCE The lemure hits you.
The lemure hits you but does no damage. The adder misses you.
You climb upwards.
Level annotation: exclusions: 2 orc priests and orc wizard
There is a stone staircase leading down here.
You shoot an arrow.
The arrow hits the lemure but does no damage.
The lemure is moderately wounded.
The lemure barely misses you. The lemure hits you. The lemure misses you.
You shoot an arrow. The arrow barely misses the lemure.
The lemure misses you. The lemure hits you. The lemure closely misses you.
You shoot an arrow. The arrow closely misses the lemure.
The lemure closely misses you. The lemure hits you but does no damage.
The lemure misses you.
You shoot an arrow. The arrow hits the lemure!
The lemure is heavily wounded.
The lemure hits you. x2; The lemure closely misses you.
You shoot an arrow. The arrow closely misses the lemure.
The lemure hits you but does no damage. The lemure hits you.
The lemure misses you.
You shoot an arrow. The arrow hits the lemure!
The lemure is severely wounded.
The lemure hits you. x3
You die...

...#...........^..##...##...##...
#####............................
...##............................
....#...)########'##.............
....#....##.......#######...##...
....'.............##...##...#####
....#...................#...#....
....#..........5........#)..#....
....#...........@..)....#...#.>..
....#......[....5.......[...'....
.........##.............#...#....
######...##....##.####<##..###...
#....##....##.####.##..####'#
#............................
#............................
#.........#.P.#.#............
#........#.P....#............


You could see 2 lemures.

Vanquished Creatures
  An ogre (D:4)
  A howler monkey (D:4)
  2 orc priests (D:4)
  An iguana (D:4)
  Ijyb (D:3)
  2 orc wizards (D:4)
  3 adders
  6 dart slugs
  3 ribbon worms
  3 orcs
  7 endoplasms
  A giant cockroach (D:1)
  5 goblins
  10 hobgoblins
  8 kobolds
  2 ball pythons (D:1)
  3 bats
  A frilled lizard (D:1)
  3 rats
63 creatures vanquished.

Notes
Turn   | Place    | Note
-------+----------+-------------------------------------------
     0 | D:1      | qw the Deep Elf Hunter began the quest for the Orb.
     0 | D:1      | Reached XP level 1. HP: 12/12 MP: 3/3
     0 | D:1      | 0 ||| qw: Version: 0.3-a-155-g5e7d8dd
     0 | D:1      | 0 ||| qw: Game counter: 1869
     0 | D:1      | 0 ||| qw: Melee chars always use a shield: true
     0 | D:1      | 0 ||| qw: God list: Okawaru
     0 | D:1      | 0 ||| qw: Allow faded altars: false
     0 | D:1      | 0 ||| qw: Do Orc after clearing Dungeon:15 true
     0 | D:1      | 0 ||| qw: Do second Lair branch before Depths: true
     0 | D:1      | 0 ||| qw: Lair rune preference: random
     0 | D:1      | 0 ||| qw: Goals: Normal
     0 | D:1      | 0 ||| PLANNING D:1-11
   183 | D:1      | Reached skill level 6 in Ranged Weapons
   183 | D:1      | Reached XP level 2. HP: 11/16 MP: 4/4
   412 | D:1      | 412 ||| READING scroll labelled POARRA GOMYU.
   416 | D:1      | 416 ||| READING 3 scrolls labelled KIBUNGYCVAI.
   417 | D:1      | 417 ||| READING scroll labelled POHUENEUDI.
   418 | D:1      | 418 ||| DRINKING 2 blue potions.
   419 | D:1      | 419 ||| DROPPING scroll of butterflies.
   420 | D:1      | 420 ||| DROPPING 2 scrolls of noise.
   645 | D:2      | Found a burning altar of Makhleb.
   685 | D:2      | Reached XP level 3. HP: 15/20 MP: 5/5
   695 | D:2      | HP: 5/20 [hobgoblin (2)]
   846 | D:2      | Reached skill level 7 in Ranged Weapons
  1299 | D:2      | 1299 ||| UPGRADING to ring of see invisible.
  1300 | D:2      | 1300 ||| UPGRADING to +4 ring of protection.
  1301 | D:2      | 1301 ||| READING scroll labelled MUXA XEAQOO.
  1402 | D:2      | 1402 ||| READING scroll labelled PAEGIJ TYFOEWI.
  1402 | D:2      | 1402 ||| ENCHANTING +0 shortbow.
  1403 | D:2      | 1403 ||| DRINKING 2 amethyst potions.
  1422 | D:3      | 1422 ||| PLANNING SEWER
  1636 | D:3      | Noticed Ijyb
  1644 | D:3      | Paralysed by Ijyb for 4 turns
  1653 | D:3      | Paralysed by Ijyb for 3 turns
  1660 | D:3      | Killed Ijyb
  1661 | D:3      | Reached XP level 4. HP: 13/25 MP: 6/6
  1731 | D:3      | Found a glowing drain.
  1759 | D:3      | Found a transporter.
  1762 | D:3      | Found a transporter.
  1763 | D:3      | Noticed qw's ghost (amateur DEHu)
  2175 | D:3      | 2175 ||| RIP SEWER
  2226 | D:3      | 2226 ||| PLANNING D:1-11
  2226 | D:3      | 2226 ||| READING scroll labelled XEMOOM RIUCA.
  2226 | D:3      | 2226 ||| ENCHANTING +1 shortbow.
  2227 | D:3      | 2227 ||| READING scroll labelled RAROREY ADYA.
  2228 | D:3      | 2228 ||| READING scroll labelled TUR DEGARHAUM.
  2228 | D:3      | 2228 ||| IDENTIFYING white potion
  2229 | D:3      | 2229 ||| READING scroll labelled SICYOMPOMUN.
  2230 | D:3      | 2230 ||| READING scroll labelled NIEGIXT GIAGGU.
  2231 | D:3      | 2231 ||| DRINKING 2 coppery potions.
  2232 | D:3      | 2232 ||| DROPPING potion of brilliance.
  2297 | D:4      | Reached skill level 8 in Ranged Weapons
  2298 | D:4      | Noticed an ogre
  2299 | D:4      | 2299 ||| ZAPPING wand of paralysis (6) at 4,-6 (ogre;
                  | floor).
  2305 | D:4      | Killed an ogre
  2306 | D:4      | Reached XP level 5. HP: 29/29 MP: 7/7
  2338 | D:4      | Reached skill level 9 in Ranged Weapons
  2429 | D:4      | Found a sacrificial altar of Ru.
  2439 | D:4      | 2439 ||| FLEEEEING.
  2440 | D:4      | 2440 ||| FLEEEEING.
  2441 | D:4      | 2441 ||| FLEEEEING.
  2442 | D:4      | 2442 ||| FLEEEEING.
  2443 | D:4      | 2443 ||| FLEEEEING.
  2448 | D:4      | Reached skill level 3 in Dodging
  2582 | D:4      | Reached XP level 6. HP: 22/35 MP: 8/8
  2582 | D:4      | 2582 ||| FLEEEEING.
  2583 | D:4      | 2583 ||| FLEEEEING.
  2584 | D:4      | 2584 ||| STAIRDANCE
  2633 | D:3      | 2633 ||| UPGRADING to +0 pair of gloves.
  2638 | D:3      | 2638 ||| READING scroll of identify.
  2638 | D:3      | 2638 ||| IDENTIFYING fuming orange potion
  2639 | D:3      | 2639 ||| READING scroll labelled CIZIED IKHO.
  2639 | D:3      | 2639 ||| BRANDING +1 shortbow.
  2640 | D:3      | 2640 ||| READING scroll labelled ZOATSE WEBON.
  2641 | D:3      | 2641 ||| DROPPING potion of ambrosia.
  2797 | D:4      | 2797 ||| FLEEEEING.
  2798 | D:4      | 2798 ||| FLEEEEING.
  2799 | D:4      | 2799 ||| FLEEEEING.
  3129 | D:4      | 3129 ||| UPGRADING to +0 ring mail.
  3139 | D:4      | 3139 ||| DROPPING +0 leather armour.
  3176 | D:5      | Entered Level 5 of the Dungeon
  3176 | D:5      | Noticed Pikel
  3177 | D:5      | 3177 ||| ZAPPING wand of paralysis (5) at -7,1 (Pikel;
                  | floor).
  3179 | D:5      | 3179 ||| RETREEEEATING.
  3180 | D:5      | 3180 ||| RETREEEEATING.
  3181 | D:5      | 3181 ||| RETREEEEATING.
  3182 | D:5      | 3182 ||| RETREEEEATING.
  3183 | D:5      | 3183 ||| STAIRDANCE
  3190 | D:4      | HP: 6/36 [lemure[Pikel] (6)]
  3190 | D:4      | HP: 1/36 [lemure[Pikel] (5)]
  3190 | D:4      | Slain by a lemure

Levels and vault maps discovered:
D:1:      dpeg_arrival_connections, layout_rooms
D:2:      layout_basic, basic_altar, serial_bayou, serial_bayou_pond_c,
          serial_bayou_crossing, serial_bayou_pond_c, serial_bayou_lake_a,
          minmay_diced_spiral
D:3:      layout_loops_cross, gup_sewer_entry_glass, gammafunk_ghost_mausoleum,
          grunt_ministairs_12, kennysheep_donut, chequers_serial_rivers_large_b,
          uniq_ijyb
D:4:      cheibrodos_old_hovel, layout_gridville, mainiacjoe_overflow_paths
D:5:      layout_rooms, kennysheep_mini_moat, nemelex_xobeh_ov_fountains_minmay,
          uniq_edmund, uniq_pikel

Skill      XL: |  1  2  3  4  5  6 |
---------------+-------------------+-----
Ranged Weapons | 6 7 8 9 |  9.6
Dodging        | 3 |  3.3
Fighting       | 2 |  2.3
Stealth        | |  1.2

Action                     |  1- 3 |  4- 6 || total
---------------------------+-------+-------++-------
   Fire: Shortbow          |   133 |    83 ||   216
  Evoke: Wand              |       |     2 ||     2
    Use: Scroll            |     5 |     8 ||    13
         Potion            |     2 |     1 ||     3
 Armour: Leather armour    |    43 |     8 ||    51
         Ring mail         |       |    15 ||    15
  Dodge: Dodged            |    34 |    23 ||    57

Table legend:
 A = Non-vault XP
 B = Vault XP
 C = Vault XP percentage of total XP
 D = Non-vault monster count
 E = Vault monster count
 F = Vault count percentage of total count
                 A         B        C        D         E       F
            +---------+---------+-------+---------+---------+-------
      Total |     466 |      87 |  15.7 |      54 |       9 |  14.3
            +---------+---------+-------+---------+---------+-------
        D:1 |      27 |       0 |   0.0 |      14 |       0 |   0.0
        D:2 |      41 |      10 |  19.6 |      13 |       5 |  27.8
        D:3 |      28 |      40 |  58.8 |       8 |       3 |  27.3
        D:4 |     370 |      37 |   9.1 |      19 |       1 |   5.0
            +---------+---------+-------+---------+---------+-------
